 Dungeon Crawl Stone Soup version 0.28.0-43-g3370ac3207 (webtiles) character file.

Game seed: 5692597102251835892

201 experimilk the Bolt Thrower (level 6, -3/34 HPs)
             Began as a Kobold Arcane Marksman on Mar 12, 2022.
             Killed by nerve-wracking pain
             ... invoked by an orc priest
              (10 damage)
             ... on level 3 of the Dungeon.
             The game lasted 00:12:09 (3679 turns).

experimilk the Bolt Thrower (KoAM)                  Turns: 3679, Time: 00:12:09

Health: -3/34      AC:  6    Str:  9    XL:     6   Next: 7%
Magic:  8/8        EV: 15    Int: 15    God:
Gold:   78         SH:  0    Dex: 15    Spells: 0/8 levels left

rFire   . . .      SeeInvis .   a - +0 hand crossbow
rCold   . . .      Faith    .   (no shield)
rNeg    . . .      Spirit   .   d - +0 robe
rPois   +          Reflect  .   (no helmet)
rElec   .          Harm     .   (no cloak)
rCorr   .          Rampage  .   (no gloves)
Will    .....                   (no boots)
Stlth   ++........              (no amulet)
HPRegen 0.11/turn               f - ring of poison resistance
MPRegen 0.11/turn               q - +4 ring of protection

@: no status effects
A: small, no large weapons, nightstalker 3
a: no special abilities


You were on level 3 of the Dungeon.
You visited 1 branch of the dungeon, and saw 3 of its levels.

You collected 78 gold pieces.

Inventory:

Hand Weapons
 a - a +0 hand crossbow (weapon)
 b - a +0 mace
Missiles
 c - 43 bolts (quivered ammo)
Armour
 d - a +0 robe (worn)
Jewellery
 f - a ring of poison resistance (left hand)
 q - a +4 ring of protection (right hand)
Wands
 h - a wand of polymorph (9)
Scrolls
 j - 3 scrolls of teleportation {unknown}
 k - a scroll of fear {unknown}
 l - a scroll of noise {unknown}
 m - a scroll of blinking {unknown}
 n - a scroll of immolation {unknown}
 o - a scroll of vulnerability {unknown}
 p - a scroll of enchant armour {unknown}
Potions
 e - a potion of lignification
 g - a potion of brilliance
 i - 5 potions of curing


   Skills:
 - Level 1.1 Fighting
 * Level 5.9 Crossbows
 + Level 2.9 Dodging
 + Level 1.6 Spellcasting
 + Level 3.9 Hexes


You couldn't memorise any spells.
You knew the following spells:

 Your Spells              Type           Power      Damage    Failure   Level
a - Slow                  Hex            48%        N/A       4%          1
b - Inner Flame           Hex/Fire       7%         N/A       30%         3
c - Cause Fear            Hex            6%         N/A       43%         4

Your spell library contained the following spells:

 Spells                   Type           Power      Damage    Failure   Level
 Portal Projectile        Hex/Tloc       14%        N/A       30%         3


Dungeon Overview and Level Annotations

Branches:
Dungeon (3/15)

Altars:


Innate Abilities, Weirdness & Mutations

You are small and have problems with some larger weapons.
You are completely attuned to the shadows.


Message History

Fire: 49 bolts
Press: ? - help, Q - select action, (/) - cycle Shift-Dir - straight line, f/p - orc priest
Aim: an orc priest, wielding a +0 dagger and wearing a +0 leather armour (64% to hit)
You shoot a bolt.
The bolt hits the orc priest but does no damage.
The orc priest invokes the aid of Beogh against you.
Beogh smites you!
The orc priest hits you with a +0 dagger.
Fire: 48 bolts
Press: ? - help, Q - select action, (/) - cycle Shift-Dir - straight line, f/p - orc priest
Aim: an orc priest, wielding a +0 dagger and wearing a +0 leather armour (64% to hit)
You shoot a bolt. The bolt hits the orc priest!
The orc priest is heavily wounded.
The orc priest misses you.
Fire: 47 bolts
Press: ? - help, Q - select action, (/) - cycle Shift-Dir - straight line, f/p - orc priest
Aim: an orc priest, wielding a +0 dagger and wearing a +0 leather armour (heavily wounded, 64% to hit)
You shoot a bolt. The bolt hits the orc priest.
The orc priest is severely wounded.
The orc priest closely misses you.
Fire: 46 bolts
Press: ? - help, Q - select action, (/) - cycle Shift-Dir - straight line, f/p - orc priest
Aim: an orc priest, wielding a +0 dagger and wearing a +0 leather armour (severely wounded, 64% to hit)
You shoot a bolt. The bolt closely misses the orc priest.
The orc priest mumbles some strange prayers to Beogh against you.
Beogh smites you!
* * * LOW HITPOINT WARNING * * *
Fire: 45 bolts
Press: ? - help, Q - select action, (/) - cycle Shift-Dir - straight line, f/p - orc priest
Aim: an orc priest, wielding a +0 dagger and wearing a +0 leather armour (severely wounded, 64% to hit)
You shoot a bolt. The bolt closely misses the orc priest.
The orc priest hits you with a +0 dagger.
* * * LOW HITPOINT WARNING * * *
Fire: 44 bolts
Press: ? - help, Q - select action, (/) - cycle Shift-Dir - straight line, f/p - orc priest
Aim: an orc priest, wielding a +0 dagger and wearing a +0 leather armour (severely wounded, 64% to hit)
You shoot a bolt. The bolt barely misses the orc priest.
The orc priest mumbles some strange prayers to Beogh against you.
Pain shoots through your body!
You die...

#########
#.......#
#.#####.# #.#
#.#######
#.#####<.......
#......####....
####...........##.
#.............. #.
#@###.###.##### #.
#o###.##...## #.
#.....#.....#####.
#.#.............(.
.(..#.#.....####..
...###.##...## #.#
###.. ..###.## #..
##.# #.# #.# ...
#.#


You could see an orc priest.

Vanquished Creatures
  A wyvern skeleton (D:3)
  A jelly (D:2)
  A bullfrog skeleton (D:3)
  An iguana (D:3)
  An adder (D:2)
  4 dart slugs
  2 orcs (D:3)
  4 ball pythons
  6 bats
  An endoplasm (D:2)
  A giant cockroach (D:1)
  7 hobgoblins
  7 kobolds
  3 quokkas
  A frilled lizard (D:3)
  5 goblins
  3 rats (D:2)
49 creatures vanquished.

Notes
Turn   | Place    | Note
-------+----------+-------------------------------------------
     0 | D:1      | experimilk the Kobold Arcane Marksman began the quest for
                  | the Orb.
     0 | D:1      | Reached XP level 1. HP: 12/12 MP: 2/2
   205 | D:1      | Reached skill level 3 in Crossbows
   237 | D:1      | Reached XP level 2. HP: 16/16 MP: 3/3
   863 | D:1      | Found a faded altar of an unknown god.
   872 | D:1      | Reached skill level 4 in Crossbows
   872 | D:1      | Reached XP level 3. HP: 20/20 MP: 4/4
  1846 | D:2      | Learned a level 3 spell: Inner Flame
  2066 | D:2      | HP: 1/20 [kobold/+0 short sword (2)]
  2071 | D:2      | Reached XP level 4. HP: 13/25 MP: 5/5
  2834 | D:2      | Reached skill level 5 in Crossbows
  2964 | D:3      | Reached XP level 5. HP: 26/29 MP: 6/6
  3610 | D:3      | Reached XP level 6. HP: 34/34 MP: 8/8
  3638 | D:3      | Learned a level 4 spell: Cause Fear
  3679 | D:3      | Killed from afar by an orc priest

Illustrated notes

Levels and vault maps discovered:
D:1:      co_arrival_random_square_maze, layout_basic,
          shapermc_ecumenical_altar_notcrosses, kennysheep_boxes
D:2:      layout_rooms, minmay_puff
D:3:      layout_loops_ring, chequers_serial_rivers_room_a

Skill      XL: |  1  2  3  4 |
---------------+-------------+-----
Crossbows      | 3 4 5 |  5.9
Fighting       | |  1.1
Dodging        | |  2.9
Spellcasting   | |  1.6
Hexes          | |  3.9

Action                   |  1- 3 |  4- 6 || total
-------------------------+-------+-------++-------
Melee: Mace              |    22 |     7 ||    29
 Fire: Hand crossbow     |    76 |    53 ||   129
 Cast: Slow              |       |     2 ||     2
  Use: Potion            |     2 |       ||     2
       Scroll            |       |     2 ||     2
 Stab: Sleeping          |       |     1 ||     1
Armor: Robe              |     9 |     5 ||    14
Dodge: Dodged            |    58 |    31 ||    89
